 Dungeon Crawl Stone Soup version 0.32-a0-613-g40f424e (webtiles) character file.

Game seed: 7537049842010267189

1547 skewfiend the Basher (level 8, 0/97 HPs)
             Began as a Human Berserker on Mar 4, 2024.
             Was a Priest of Trog.
             Slain by a hornet (9 damage)
             ... on level 7 of the Dungeon.
             The game lasted 00:16:31 (5477 turns).

skewfiend the Basher (Human Berserker)              Turns: 5477, Time: 00:16:32

Health: 0/97       AC: 11    Str: 18    XL:     8   Next: 87%
Magic:  8/8        EV:  5    Int:  7    God:    Trog [***...]
Gold:   229        SH: 15    Dex: 15    Spells: 7/7 levels left

rFire   . . .        N - +2 whip (elec)
rCold   . . .        K - +2 tower shield
rNeg    . . .        E - +1 chain mail {Will+}
rPois   .            (no helmet)
rElec   .            H - +0 cloak
rCorr   .            u - +0 pair of gloves
SInv    .            (no boots)
Will    +++..        (no amulet) Stlth
                     (no ring)
HPRegen 1.36/turn    (no ring)
MPRegen 0.11/turn

%: no passive effects
@: berserking, lethally poisoned (0 -> -2), strong-willed, regenerating, slowed
A: explore regen
a: Renounce Religion, Berserk, Trog's Hand


You were on level 7 of the Dungeon.
You worshipped Trog.
Trog was most pleased with you.
You visited 1 branch of the dungeon, and saw 7 of its levels.

You collected 229 gold pieces.

Inventory:

Hand Weapons
 a - a +0 flail
 b - a +0 sling
 x - a +0 whip of flaming
 G - a +2 quarterstaff of chaos
 J - a +0 war axe
 N - a +2 whip of electrocution (weapon)
 S - a +2 whip of freezing
Missiles
 d - 2 stones (quivered)
 e - 28 poisoned darts
 m - 4 javelins
 z - 4 boomerangs
Armour
 u - a +0 pair of gloves (worn)
 E - a +1 chain mail of willpower (worn)
 H - a +0 cloak (worn)
 K - a +2 tower shield (worn)
Talismans
 c - a flux talisman
Wands
 D - a wand of quicksilver (6)
 F - a wand of flame (9)
 O - a wand of charming (13)
 P - a wand of roots (3)
Scrolls
 g - a scroll of immolation {unknown}
 l - a scroll of noise {unknown}
 n - a scroll of amnesia {unknown}
 o - 4 scrolls of teleportation
 r - a scroll of vulnerability
 s - a scroll of fog {unknown}
 w - a scroll of revelation
 A - 2 scrolls of blinking {unknown}
 C - a scroll of enchant armour {unknown}
 Q - a scroll of identify
 R - a scroll of enchant weapon {unknown}
Potions
 h - 2 potions of brilliance
 i - 2 potions of curing
 j - 2 potions of heal wounds
 t - a potion of resistance
 v - a potion of might
 B - 2 potions of lignification
 L - a potion of mutation {unknown}
 M - 2 potions of attraction {unknown}


   Skills:
 + Level 6.4 Fighting
 * Level 8.8 Maces & Flails
 - Level 2.0 Throwing
 - Level 2.0 Armour
 - Level 2.0 Dodging
 - Level 3.0 Shields


You had 7 spell levels left.
You didn't know any spells.
Your spell library was empty.

Dungeon Overview and Level Annotations

Branches:
Dungeon (7/15)
 Temple: D:4-7

Altars:
Ashenzari
Fedhas

Shops:
D:1 *   D:4 [

Annotations:
D:5 3 runed translucent doors, rotlqkf's ghost, novice CoHu


Innate Abilities, Weirdness & Mutations

You regain HP and MP as you explore.


Message History

You feel very sick. The hornet stings you.
You feel as though you will be slow longer.
The hornet stings you!
You are more poisoned.
You feel as though you will be slow longer.
You can move again.
Unknown command.
Unknown command.
Your skin crawls.
You feel strong-willed.
You feel extremely sick. You block the hornet's attack. x2
Unknown command.
A red film seems to cover your vision as you go berserk!
You feel yourself moving faster!
You feel mighty!
You feel very sick. You block the hornet's attack. x2
You miss the hornet.
The hornet is lightly wounded.
You feel sick. The hornet stings you!
You feel as though you will be slow longer.
The hornet stings you but does no damage.
You miss the hornet.
The hornet is lightly wounded.
You feel sick. The hornet stings you.
* * * LOW HITPOINT WARNING * * *
You are more poisoned.
You feel as though you will be slow longer.
You hit the hornet.
The hornet is lightly wounded.
You feel very sick. The hornet stings you!
* * * LOW HITPOINT WARNING * * *
You feel as though you will be slow longer.
You completely miss the hornet.
The hornet is lightly wounded.
You feel very sick. You block the hornet's attack. The hornet stings you!
You die...

....)........#
.............#
...........########
..................###
...................<#
.........†........###
............)[....+
..................###
...........#####@...#
...........# #y...#
....##### #......#
..#. #....### ...
#....# #....# #....#
.....#


You could see a hornet.

Vanquished Creatures
  A black bear (D:4)
  3 ogres
  2 kobold brigands
  3 phantoms (D:5)
  Blork the orc (D:6)
  A bullfrog (D:6)
  2 howler monkeys (D:5)
  A bombardier beetle (D:7)
  2 jellies (D:5)
  3 hounds
  A sleepcap (D:4)
  Crazy Yiuf (D:3)
  A gnoll bouda (D:5)
  An orc wizard (D:3)
  3 iguanas
  15 gnolls
  9 adders
  A ribbon worm (D:4)
  2 dart slugs
  11 orcs
  8 ball pythons
  9 bats
  4 endoplasms
  6 giant cockroaches
  7 goblins
  4 hobgoblins
  6 jackals
  7 quokkas
  2 frilled lizards
  20 kobolds
  5 rats
142 creatures vanquished.

Notes
Turn   | Place    | Note
-------+----------+-------------------------------------------
     0 | D:1      | skewfiend the Human Berserker began the quest for the Orb.
     0 | D:1      | Reached XP level 1. HP: 18/18 MP: 1/1
    81 | D:1      | HP: 1/27 [quokka (3)]
    83 | D:1      | Found Unev's General Store.
   206 | D:1      | Reached XP level 2. HP: 20/24 MP: 2/2
   430 | D:1      | Reached XP level 3. HP: 25/29 MP: 3/3
   858 | D:1      | Reached skill level 4 in Maces & Flails
  1026 | D:2      | Reached XP level 4. HP: 15/37 MP: 4/4
  1202 | D:2      | Found a faded altar of an unknown god.
  1610 | D:2      | Reached ** piety under Trog
  1753 | D:3      | Reached XP level 5. HP: 40/42 MP: 5/5
  1762 | D:3      | Reached skill level 5 in Maces & Flails
  2175 | D:3      | Found a runed translucent door.
  2176 | D:3      | Noticed Crazy Yiuf
  2405 | D:3      | Found a broken altar of Ashenzari.
  2409 | D:3      | Saw a vision of the Swamp and the Snake Pit.
  2409 | D:3      | Noticed a spriggan druid
  2409 | D:3      | Noticed a naga mage
  2409 | D:3      | Noticed a shock serpent
  2409 | D:3      | Noticed a goliath frog
  2409 | D:3      | Noticed a mana viper
  2409 | D:3      | Noticed a swamp drake
  2409 | D:3      | Noticed a swamp drake
  2409 | D:3      | Noticed a goliath frog
  2409 | D:3      | Noticed a naga
  2409 | D:3      | Noticed a naga
  2409 | D:3      | Noticed a black mamba
  2409 | D:3      | Noticed a naga warrior
  2409 | D:3      | Noticed an eight-headed hydra
  2409 | D:3      | Noticed a bunyip
  2409 | D:3      | Noticed an alligator
  2409 | D:3      | Noticed a mana viper
  2412 | D:3      | Noticed a tyrant leech
  2680 | D:4      | Reached XP level 6. HP: 47/49 MP: 6/6
  2808 | D:4      | Reached skill level 6 in Maces & Flails
  3195 | D:4      | Noticed a black bear
  3204 | D:4      | Killed a black bear
  3205 | D:4      | Reached skill level 5 in Fighting
  3205 | D:4      | Reached skill level 1 in Throwing
  3205 | D:4      | Reached XP level 7. HP: 56/56 MP: 7/7
  3265 | D:3      | Killed Crazy Yiuf
  3427 | D:4      | Found Meysiat's Antique Armour Shop.
  3437 | D:4      | Found a blossoming altar of Fedhas.
  3583 | D:5      | Entered Level 5 of the Dungeon
  3634 | D:5      | Reached skill level 7 in Maces & Flails
  3879 | D:5      | Reached XP level 8. HP: 54/64 MP: 8/8
  4028 | D:5      | Noticed rotlqkf's ghost (novice CoHu)
  4039 | D:5      | Found a runed translucent gate.
  4039 | D:5      | Found a runed translucent gate.
  4039 | D:5      | Found a runed translucent gate.
  4506 | D:6      | Reached *** piety under Trog
  4525 | D:6      | Reached skill level 8 in Maces & Flails
  4525 | D:6      | Reached skill level 1 in Shields
  5162 | D:6      | Noticed Blork the orc
  5169 | D:6      | Killed Blork the orc
  5465 | D:7      | Noticed a hornet
  5469 | D:7      | Paralysed by a hornet for 2 turns
  5477 | D:7      | Slain by a hornet

Illustrated notes

Levels and vault maps discovered:
D:1:      scummos_arrival_checkerplants, layout_rooms, serial_shops, shop,
          minmay_close_crescents
D:2:      layout_basic, shapermc_ecumenical_altar_notcrosses, minmay_circle_x
D:3:      layout_rooms, grunt_ashenzari_visionary
          [grunt_ashenzari_visionary_swamp, grunt_ashenzari_visionary_snake],
          nicolae_hexahallways, uniq_crazy_yiuf_cottage
D:4:      layout_cave_pools, mainiacjoe_overflow_chevrons, serial_shops, shop
D:5:      layout_basic, gammafunk_ghost_split
D:6:      layout_gridville, uniq_blork_the_orc
D:7:      layout_basic, mainiacjoe_overflow_boulevard,
          minmay_temple_entry_slanted

Skill      XL: |  1  2  3  4  5  6  7  8 |
---------------+-------------------------+-----
Maces & Flails | 4 5 6 7 8 |  8.8
Fighting       | 4 5 6 |  6.4
Throwing       | 1 2 |  2.0
Shields        | 3 |  3.0
Armour         | |  2.0
Dodging        | |  2.0

Action                     |  1- 3 |  4- 6 |  7- 9 || total
---------------------------+-------+-------+-------++-------
  Melee: Mace              |   119 |    19 |       ||   138
         Flail             |       |   129 |    84 ||   213
         Whip              |       |    49 |    49 ||    98
         Quarterstaff      |       |       |    65 ||    65
   Fire: Sling             |       |     3 |       ||     3
  Throw: Stone             |     6 |    38 |    52 ||    96
 Invoke: Berserk           |     4 |     3 |     3 ||    10
         Trog's Hand       |       |     1 |     2 ||     3
    Use: Scroll            |       |       |     8 ||     8
         Potion            |       |       |     3 ||     3
 Armour: Animal skin       |    80 |       |       ||    80
         Ring mail         |    45 |    71 |       ||   116
         Chain mail        |       |    71 |   132 ||   203
  Dodge: Dodged            |   108 |    95 |    52 ||   255
  Block: Tower shield      |       |       |    82 ||    82

Table legend: (Time is in decaauts)
 A = Elapsed time spent in this place.
 B = Non-inter-level travel time spent in this place.
 C = Inter-level travel time spent in this place.
 D = Time resting spent in this place.
 E = Time spent auto-exploring this place.
 F = Levels seen in this place.
 G = Mean time per level.
                   A        B        C        D        E       F      G
               +--------+--------+--------+--------+--------+-----+--------+
         Total |   5638 |   5271 |    367 |     59 |   3903 |   7 |  805.4 |
       Dungeon |   5638 |   5271 |    367 |     59 |   3903 |   7 |  805.4 |
               +--------+--------+--------+--------+--------+-----+--------+

Top non-repeatable levels by time:
     D:6: 1061 daAuts
     D:3: 1059 daAuts
     D:1: 1016 daAuts
     D:4: 850 daAuts
     D:5: 781 daAuts
     D:2: 780 daAuts
     D:7: 89 daAuts
